 Dungeon Crawl Stone Soup version 0.28-a0-60-g54b5640690 (webtiles) character file.

Game seed: 13305880082682295997

65 Demosthentine the Poker (level 4, 0/35 HPs)
             Began as a Merfolk Gladiator on July 30, 2021.
             Frozen to death by an endoplasm (5 damage)
             ... on level 2 of the Dungeon.
             The game lasted 00:01:11 (1140 turns).

Demosthentine the Poker (Merfolk Gladiator)         Turns: 1140, Time: 00:01:11

Health: 0/35       AC:  5    Str: 15    XL:     4   Next: 13%
Magic:  4/4        EV: 13    Int:  7    God:
Gold:   39         SH:  0    Dex: 15    Spells: 3/3 levels left

rFire   . . .      SeeInvis .   a - +0 trident
rCold   . . .      Faith    .   (no shield)
rNeg    . . .      Spirit   .   b - +0 leather armour
rPois   .          Reflect  .   c - +1 helmet
rElec   .          Harm     .   (no cloak)
rCorr   .          Rampage  .   (no gloves)
Will    .....                   (no boots)
Stlth   +.........              (no amulet)
HPRegen 0.11/turn               (no ring)
MPRegen 0.09/turn               (no ring)

@: slowed, very slow
A: (nimble swimmer 2), mertail
a: no special abilities


You were on level 2 of the Dungeon.
You visited 1 branch of the dungeon, and saw 2 of its levels.

You collected 39 gold pieces.

Inventory:

Hand Weapons
 a - a +0 trident (weapon)
Missiles
 d - 3 throwing nets (quivered)
Armour
 b - a +0 leather armour (worn)
 c - a +1 helmet (worn)
Scrolls
 f - a scroll of enchant armour
 g - a scroll of magic mapping
 h - a scroll of amnesia {unknown}
 i - a scroll of fog {unknown}
Potions
 e - a potion of curing {unknown}


   Skills:
 + Level 3.0 Fighting
 + Level 5.2 Polearms
 - Level 2.0 Throwing
 + Level 1.1 Armour
 + Level 4.7 Dodging


You had 3 spell levels left.
You didn't know any spells.
Your spell library contained the following spells:

 Spells                   Type           Power      Damage    Failure   Level
 Chain Lightning          Conj/Air       0%         N/A       100%        9
 Fire Storm               Conj/Fire      0%         5d1       100%        9


Dungeon Overview and Level Annotations

Branches:
Dungeon (2/15)

Altars:

Shops:
D:1 *


Innate Abilities, Weirdness & Mutations

((You are quick and stealthy near water. (Stealth+, EV+, Speed+++)))
Your lower body shifts to a powerful aquatic tail in water.


Message History

You closely miss Natasha.
Natasha is lightly wounded.
The orc shouts!
Natasha mumbles some strange words.
You miss Natasha.
Natasha is lightly wounded.
Natasha claws you.
An orc comes into view. It is wielding a +0 mace.
The white imp misses you.
The orc shouts!
You hit Natasha but do no damage.
Natasha is lightly wounded.
Natasha stares at you and mumbles some strange words.
You feel yourself slow down.
The white imp hits you but does no damage.
You hit Natasha.
Natasha is heavily wounded.
The bat hits you but does no damage. Natasha claws you but does no damage.
The white imp hits you. The white imp freezes you.
Natasha mumbles some strange words.
Unknown command.
You puncture Natasha!
You kill Natasha!
Natasha yowls pathetically as she dies!
The white imp disappears in a puff of smoke!
The crimson imp disappears in a puff of smoke!
The bat hits you but does no damage. The bat barely misses you.
The endoplasm freezes you.
You are frozen.
The orc hits you with a +0 whip.
* * * LOW HITPOINT WARNING * * *
Your Fighting skill increases to level 3!
Your Armour skill increases to level 1!
You have reached level 4!
You hit the bat.
You kill the bat!
The endoplasm closely misses you. The orc hits you with a +0 whip.
* * * LOW HITPOINT WARNING * * *
The endoplasm freezes you.
You are frozen.
You die...

#### ......# #...
.....# #.## .....#
?...# .o..# #o#.#
#J#.# ##
.####.#@#.####...
##
......o§†........
.. ......###.##.#.#
.. #.........##.#.#
.. #..#####.......#
.. #. #.###.###.#
.. . #..†......# ##
######.###########
............#......


You could see 3 orcs and an endoplasm.

Vanquished Creatures
  Natasha (D:2)
  An adder (D:2)
  2 dart slugs (D:1)
  4 endoplasms
  4 giant cockroaches
  A goblin (D:1)
  2 hobgoblins
  2 ball pythons (D:2)
  6 bats
  4 frilled lizards
  A kobold (D:1)
  A rat (D:1)
29 creatures vanquished.

Notes
Turn   | Place    | Note
-------+----------+-------------------------------------------
     0 | D:1      | Demosthentine the Merfolk Gladiator began the quest for the
                  | Orb.
     0 | D:1      | Reached XP level 1. HP: 16/16 MP: 1/1
   194 | D:1      | Reached XP level 2. HP: 23/23 MP: 2/2
   641 | D:1      | Found Zedghosif's Assorted Antiques.
   783 | D:1      | Reached XP level 3. HP: 28/28 MP: 3/3
  1046 | D:2      | Reached skill level 5 in Polearms
  1128 | D:2      | Noticed Natasha
  1139 | D:2      | Killed Natasha
  1140 | D:2      | Reached skill level 1 in Armour
  1140 | D:2      | Reached XP level 4. HP: 10/35 MP: 4/4
  1140 | D:2      | Frozen to death by an endoplasm

Illustrated notes

Levels and vault maps discovered:
D:1:      lightli_arrival_flooded_house, layout_loops_corners, serial_shops,
          shop
D:2:      layout_basic, minivault_4, uniq_natasha

Skill      XL: |  1  2  3 |
---------------+----------+-----
Polearms       | 5 |  5.2
Fighting       | 3 |  3.0
Armour         | 1 |  1.1
Throwing       | |  2.0
Dodging        | |  4.7

Action                   |  1- 3 |  4- 6 || total
-------------------------+-------+-------++-------
Melee: Trident           |    96 |     1 ||    97
  Use: Scroll            |     3 |       ||     3
 Stab: Sleeping          |     2 |       ||     2
Armor: Leather armour    |    18 |       ||    18
Dodge: Dodged            |    53 |     1 ||    54

Table legend: (Time is in decaauts)
 A = Elapsed time spent in this place.
 B = Non-inter-level travel time spent in this place.
 C = Inter-level travel time spent in this place.
 D = Time resting spent in this place.
 E = Time spent auto-exploring this place.
 F = Levels seen in this place.
 G = Mean time per level.
                   A        B        C        D        E       F      G
               +--------+--------+--------+--------+--------+-----+--------+
         Total |   1139 |   1122 |     17 |      0 |    928 |   2 |  569.5 |
       Dungeon |   1139 |   1122 |     17 |      0 |    928 |   2 |  569.5 |
               +--------+--------+--------+--------+--------+-----+--------+

Top non-repeatable levels by time:
     D:1: 902 daAuts
     D:2: 236 daAuts
